 Dungeon Crawl Stone Soup version 0.28-a0-662-g1651b1f1e0 (webtiles) character file.

Game seed: 4715301629030821601

24 cheechan the Ducker (level 3, -5/26 HPs)
             Began as an Octopode Fighter on Oct 14, 2021.
             Killed from afar by an orc wizard (9 damage)
             ... with a magic dart
             ... on level 2 of the Dungeon.
             The game lasted 00:04:26 (995 turns).

cheechan the Ducker (Octopode Fighter)               Turns: 995, Time: 00:04:27

Health: -5/26      AC:  1    Str: 15    XL:     3   Next: 2%
Magic:  3/3        EV: 13    Int: 10    God:
Gold:   23         SH:  5    Dex: 12    Spells: 1/2 levels left

rFire   . . .      SeeInvis .   a - +0 rapier (vorpal)
rCold   . . .      Faith    .   b - +1 buckler
rNeg    . . .      Spirit   .   (helmet restricted)
rPois   .          Reflect  .   d - amulet of magic regeneration
rElec   .          Harm     .   (no ring)
rCorr   .          Rampage  .   (no ring)
Will    .....                   (no ring)
Stlth   +++.......              (no ring)
HPRegen 0.08/turn               (no ring)
MPRegen 0.33/turn               (no ring)
                                (no ring)
                                (no ring)

@: no status effects
A: almost no armour, amphibious, 8 rings, camouflage 1, gelatinous body 1,
(nimble swimmer 1), tentacles
a: no special abilities


You were on level 2 of the Dungeon.
You visited 1 branch of the dungeon, and saw 2 of its levels.

You collected 23 gold pieces.

Inventory:

Hand Weapons
 a - a +0 vorpal rapier (weapon)
 e - a +0 rapier
 f - a +0 short sword
 i - a +0 dagger
 k - a +0 hunting sling
Missiles
 g - 13 stones (quivered)
Armour
 b - a +1 buckler (worn)
Jewellery
 d - an amulet of magic regeneration (around mantle)
Scrolls
 h - a scroll of brand weapon
 j - a scroll of identify {unknown}
Potions
 c - a potion of might


   Skills:
 + Level 3.2 Fighting
 + Level 2.2 Short Blades
 + Level 3.3 Dodging
 + Level 1.1 Stealth
 + Level 3.2 Shields


You had one spell level left.
You knew the following spells:

 Your Spells              Type           Power      Damage    Failure   Level
a - Shock                 Conj/Air       0%         1d3       38%         1

Your spell library contained the following spells:

 Spells                   Type           Power      Damage    Failure   Level
 Swiftness                Air            0%         N/A       77%         3
 Airstrike                Air            0%         N/A       99%         4
 Fireball                 Conj/Fire      0%         3d3       100%        5
 Starburst                Conj/Fire      0%         6d3       100%        6
 Ignition                 Fire           0%         3d3       100%        8


Dungeon Overview and Level Annotations

Branches:
Dungeon (2/15)

Altars:


Innate Abilities, Weirdness & Mutations

You cannot wear most types of armour.
You are amphibious.
You can wear up to eight rings at the same time.
Your skin changes colour to match your surroundings (Stealth+).
Your rubbery body absorbs attacks. (AC +1, EV +1)
((You are camouflaged near water. (Stealth+)))
You have tentacles for arms and can constrict up to eight enemies at once.


Message History

You constrict the orc. The orc barely misses you.
You hit the orc but do no damage.
The orc is severely wounded.
You constrict the orc. The orc closely misses you.
You barely miss the orc.
The orc is almost dead.
You constrict the orc.
You kill the orc!
You block something's attack.
You hear some strange, mumbled words.
You are confused.
You bump into the rock wall.
The orc misses you. Something hits you.
You bump into the rock wall.
The orc barely misses you. Something hits you.
You puncture the orc!
You kill the orc!
Something hits you.
You have reached level 3!
Your experience leads to an increase in your attributes!
Increase (S)trength, (I)ntelligence, or (D)exterity?
You feel agile.
You closely miss something. You squeeze something.
You hear some strange, mumbled words.
You are more confused.
You hit something but do no damage. Something hits you. Something hits you.
Items here: )) [ †.
You bump into the rock wall.
Something hits you. Something hits you.
You bump into the rock wall.
Something hits you. Something hits you.
You feel less confused.
You hear some strange, mumbled words.
Something tries to affect you, but you resist.
You barely miss something. Your squeeze misses something.
Something hits you but does no damage.
You closely miss something. Something hits you.
* * * LOW HITPOINT WARNING * * *
A magic dart appears from out of thin air!
The magic dart hits you!
You die...

. #.# #.....#
#....#
#.###.###.#
####.# #.....# #
.# #####.# .# #.#
## #.# #.# # #
#..####.###.#...#
#........@.....#
#..####{###.#..#
#))...# #.###.#
#... ##.. ####


There were no monsters in sight!

Vanquished Creatures
  3 orcs (D:2)
  A hobgoblin (D:1)
  2 jackals (D:1)
  2 kobolds (D:1)
  A quokka (D:1)
  4 ball pythons
  2 frilled lizards
  2 goblins (D:1)
  3 rats (D:1)
20 creatures vanquished.

Notes
Turn   | Place    | Note
-------+----------+-------------------------------------------
     0 | D:1      | cheechan the Octopode Fighter began the quest for the Orb.
     0 | D:1      | Reached XP level 1. HP: 16/16 MP: 1/1
   387 | D:1      | Reached XP level 2. HP: 21/21 MP: 2/2
   539 | D:1      | Learned a level 1 spell: Shock
   941 | D:2      | Reached skill level 1 in Stealth
   984 | D:2      | Reached XP level 3. HP: 19/26 MP: 3/3
   995 | D:2      | Killed from afar by an orc wizard

Illustrated notes

Levels and vault maps discovered:
D:1:      mainiacjoe_arrival_reflecting_pool, layout_loops_ring, feat_on_display
D:2:      layout_basic, hellmonk_ecumenical_altar_defaced_shrine

Skill      XL: |  1  2 |
---------------+-------+-----
Stealth        | 1 |  1.1
Fighting       | |  3.2
Short Blades   | |  2.2
Dodging        | |  3.3
Shields        | |  3.2

Action                   || total
-------------------------++-------
Melee: Rapier            ||    40
       Constrict         ||     7
       Tentacles         ||     4
  Use: Scroll            ||     2
 Stab: Sleeping          ||     3
Armor: Skin              ||     1
Dodge: Dodged            ||    22
Block: Buckler           ||     6

Table legend: (Time is in decaauts)
 A = Elapsed time spent in this place.
 B = Non-inter-level travel time spent in this place.
 C = Inter-level travel time spent in this place.
 D = Time resting spent in this place.
 E = Time spent auto-exploring this place.
 F = Levels seen in this place.
 G = Mean time per level.
                   A        B        C        D        E       F      G
               +--------+--------+--------+--------+--------+-----+--------+
         Total |    999 |    999 |      0 |    147 |      0 |   2 |  499.5 |
       Dungeon |    999 |    999 |      0 |    147 |      0 |   2 |  499.5 |
               +--------+--------+--------+--------+--------+-----+--------+

Top non-repeatable levels by time:
     D:1: 830 daAuts
     D:2: 168 daAuts
